 Dungeon Crawl Stone Soup version 0.19.1-1-g22dce08 (webtiles) character file.

159 galech the Ruffian (level 5, -1/52 HPs)
             Began as a Troll Monk on Dec 31, 2016.
             Succumbed to theAP's ghost's poison
             ... in a sewer.
             The game lasted 00:04:18 (1891 turns).

galech the Ruffian (Troll Monk)                     Turns: 1891, Time: 00:04:19

Health: -1/52      AC:  5    Str: 20    XL:     5   Next: 17%
Magic:  0/4        EV: 11    Int:  6    God:
Gold:   136        SH:  0    Dex: 12    Spells: 0 memorised, 4 levels left

rFire  . . .     SeeInvis .       - Unarmed
rCold  . . .     Gourm    +     a - +0 robe
rNeg   . . .     Faith    .     (no shield)
rPois  .         Spirit   +     (helmet restricted)
rElec  .         Reflect  .     (no cloak)
rCorr  .         Harm     .     (gloves unavailable)
MR     .....                    (boots unavailable)
Stlth  ++........               c - amulet of guardian spirit
                                (no ring)
                                (no ring)

@: lethally poisoned (-1 -> -9), slowed, very slow
A: unfitting armour, claws 3, fast metabolism 3, gourmand, regeneration 1,
shaggy fur 1, tough skin 2
a: no special abilities


You were in a sewer.
You were very full.

You visited 1 branch of the dungeon, and saw 3 of its levels.
You also visited: Sewer.

You collected 136 gold pieces.

Inventory:

Armour
 a - a +0 robe (worn)
Jewellery
 c - an amulet of guardian spirit (around neck)
Scrolls
 f - 2 scrolls of identify {unknown}
 j - 3 scrolls of remove curse {unknown}
 l - 3 scrolls of recharging {unknown}
 m - a scroll of blinking {unknown}
 s - a scroll of noise {unknown}
Potions
 d - a potion of magic {unknown}
 e - 2 potions of agility {unknown}
 h - 2 potions of heal wounds {unknown}
 i - a potion of lignification {unknown}
 n - a potion of might {unknown}
 o - a potion of brilliance {unknown}
 q - a potion of curing {unknown}
 r - a potion of mutation {unknown}
 t - a potion of flight {unknown}
Comestibles
 b - 5 bread rations
 g - 3 meat rations
 k - a beef jerky


   Skills:
 + Level 2.9 Fighting
 + Level 3.3 Dodging
 + Level 1.5 Stealth
 + Level 4.3 Unarmed Combat


You had 4 spell levels left.
You didn't know any spells.

Dungeon Overview and Level Annotations

Branches:
Dungeon (3/15)

Altars:
Trog

Annotations:
Sewer theAP's ghost, novice DsCK


Innate Abilities, Weirdness & Mutations

You are too large for most types of armour.
You have claws for hands.
Your metabolism is lightning-fast.
You like to eat raw meat.
Your natural rate of healing is unusually fast.
You are covered in fur. (AC +1)
You have very tough skin. (AC +2)


Message History

TheAP's ghost is almost destroyed.
TheAP's ghost misses you.
You scratch theAP's ghost but do no damage.
TheAP's ghost is almost destroyed.
You feel sick.
TheAP's ghost hits you but does no damage.
You scratch theAP's ghost.
TheAP's ghost is almost destroyed.
TheAP's ghost hits you!
* * * LOW HITPOINT WARNING * * *
You are lethally poisoned!
You scratch theAP's ghost.
TheAP's ghost is almost destroyed.
* * * LOW HITPOINT WARNING * * *
You feel sick. TheAP's ghost hits you!
* * * LOW HITPOINT WARNING * * *
You feel yourself slow down.
You scratch theAP's ghost but do no damage.
TheAP's ghost is almost destroyed.
You die...

### ....########
≈≈≈.≈≈≈..≈.########
≈≈≈≈≈≈≈≈≈≈≈≈.sW@∩.#
≈≈≈≈≈≈≈.≈≈.########
≈≈≈≈######## ≈≈≈ ≈


You could see theAP's ghost and a giant cockroach.

Vanquished Creatures
  An ogre (D:3)
  An adder (D:3)
  A river rat (D:3)
  2 dart slugs
  3 leopard geckos
  2 orcs (D:3)
  A ball python (D:3)
  5 giant cockroaches
  11 goblins
  5 hobgoblins
  2 bats
  5 frilled lizards
  5 kobolds
  3 rats
47 creatures vanquished.

Notes
Turn   | Place    | Note
-------+----------+-------------------------------------------
     0 | D:1      | galech the Troll Monk began the quest for the Orb.
     0 | D:1      | Reached XP level 1. HP: 22/22 MP: 0/0
   162 | D:1      | You fall through a shaft!
   411 | D:2      | Reached XP level 2. HP: 29/29 MP: 1/1
   841 | D:2      | Found a faded altar of an unknown god.
   841 | D:2      | Found a faded altar of an unknown god.
   856 | D:2      | Found a faded altar of an unknown god.
   858 | D:2      | Found a bloodstained altar of Trog.
   860 | D:2      | Found a faded altar of an unknown god.
   955 | D:2      | Reached XP level 3. HP: 36/36 MP: 2/2
  1602 | D:3      | Noticed an ogre
  1611 | D:3      | Killed an ogre
  1611 | D:3      | Reached skill level 4 in Unarmed Combat
  1611 | D:3      | Reached XP level 4. HP: 20/44 MP: 0/3
  1701 | D:3      | Reached XP level 5. HP: 52/52 MP: 4/4
  1847 | D:3      | Found a glowing drain.
  1853 | Sewer    | Entered a sewer
  1858 | Sewer    | Noticed theAP's ghost (novice DsCK)
  1890 | Sewer    | HP: 1/52 [theAP's ghost (6)]
  1891 | Sewer    | Succumbed to theAP's ghost's poison

Skill      XL: |  1  2  3 |
---------------+----------+-----
Dodging        | 3 |  3.3
Unarmed Combat | 4 |  4.3
Fighting       | |  2.9
Stealth        | |  1.5

Action                   |  1- 3 |  4- 6 || total
-------------------------+-------+-------++-------
Melee: Unarmed           |    93 |    40 ||   133
       Punch             |     1 |     3 ||     4
 Stab: Sleeping          |     2 |       ||     2
  Eat: Chunk             |    20 |     1 ||    21
Armor: Robe              |    21 |    29 ||    50
Dodge: Dodged            |    43 |    52 ||    95
